 Dungeon Crawl Stone Soup version 0.22.1-1-ga44c0e5 (console) character file.

1495229 ratboy the Conqueror (level 27, 273/273 HPs)
             Began as a Hill Orc Fighter on Sept 28, 2018.
             Was the Champion of Ru.
             Escaped with the Orb
             ... and 3 runes on Sept 29, 2018!
             The game lasted 04:22:17 (93547 turns).

ratboy the Conqueror (Hill Orc Fighter)            Turns: 93547, Time: 04:22:18

Health: 273/273    AC: 57    Str: 24    XL:     27
Magic:  26/26      EV: 23    Int: 10    God:    Ru [******]
Gold:   3270       SH: 28    Dex: 24    Spells: 30/34 levels left

rFire    + + .     SeeInvis +   a - +6 broad axe (elec)
rCold    + . .     Gourm    .   V - +0 large shield
rNeg     . . .     Faith    .   N - +12 gold dragon scales
rPois    +         Spirit   .   I - +2 helmet
rElec    +         Reflect  .   G - scarf {rC+ rF+}
rCorr    .         Harm     .   p - +2 pair of gloves of Dithmenos's Anger {MR+ Dex+6 SInv}
MR       +++..     Rnd*Tele +   j - +2 pair of boots
Stlth    ..........             r - amulet of the Air {Inacc +Fly rElec EV+5 RMsl}
HPRegen  0.55/turn              B - ring of protection from fire
MPRegen  0.20/turn              u - ring of Robustness {AC+8}

@: repel missiles
A: blurry vision 1, clever 1, deterioration 1, low mp 1, teleportitis 1, no
stealth, inability to use devices, no conjurations magic, no hexes magic, no ice
magic, temperature sensitive
0: Orb of Zot
}: 3/15 runes: serpentine, barnacled, silver
a: Draw Out Power, Power Leap, Apocalypse, Renounce Religion


You escaped.
You worshipped Ru.
Ru was exalted by your worship.
You were not hungry.

You visited 9 branches of the dungeon, and saw 47 of its levels.
You visited the Abyss 1 time.
You visited 1 bazaar.
You also visited: Labyrinth and Trove.

You collected 6783 gold pieces.
You spent 3513 gold pieces at shops.

Inventory:

Hand Weapons
 a - a +6 broad axe of electrocution (weapon)
 b - the +5 demon whip "Spellbinder" {antimagic, MR+}
   (You took it off a yaktaur on level 5 of the Vaults)

   It reduces the magical energy of the wielder, and disrupts the spells and
   magical abilities of those hit.
   Natural abilities and divine invocations are not affected.
   It affects your resistance to hostile enchantments.
 w - a +7 blowgun
Missiles
 q - 15 curare-tipped needles
 M - 14 throwing nets
 O - 40 javelins of penetration (quivered)
Armour
 j - a +2 pair of boots (worn)
 p - the +2 pair of gloves of Dithmenos's Anger (worn) {MR+ Dex+6 SInv}
   (You found it on level 5 of the Vaults)

   It affects your dexterity (+6).
   It affects your resistance to hostile enchantments.
   It lets you see invisible.
 G - a scarf of resistance (worn)
 I - a +2 helmet (worn)
 N - +12 gold dragon scales (worn)
 V - a +0 large shield (worn)
Jewellery
 c - an uncursed ring of protection from cold
 k - an uncursed ring of protection from magic
 r - the amulet of the Air (around neck) {Inacc +Fly rElec EV+5 RMsl}
   (You found it on level 5 of the Vaults)

   [amulet of inaccuracy]

   It reduces the accuracy of all your attacks.
   It affects your evasion (+5).
   It insulates you from electricity.
   It lets you fly.
   It protects you from missiles.
 u - the ring of Robustness (right hand) {AC+8}
   (You found it on level 2 of the Depths)

   [ring of protection]

   It affects your AC (+8).
 B - a ring of protection from fire (left hand)
 R - an uncursed ring of resist corrosion
Scrolls
 h - 14 scrolls of identify
 i - 24 scrolls of remove curse
 x - 16 scrolls of teleportation
 F - 8 scrolls of immolation
 H - 3 scrolls of summoning
 J - 8 scrolls of fear
 K - 3 scrolls of silence
 Q - 4 scrolls of blinking
 T - 3 scrolls of fog
Potions
 d - 3 potions of might
 e - 4 potions of haste
 g - 3 potions of invisibility
 m - 10 potions of curing
 o - 3 potions of resistance
 s - 5 potions of ambrosia
 v - 6 potions of mutation
 z - 2 potions of berserk rage
 A - 4 potions of brilliance
 D - 3 potions of cancellation
 E - 5 potions of magic
 S - 3 potions of agility
 U - 4 potions of heal wounds
 W - 12 potions of flight
Comestibles
 f - 65 rations


   Skills:
 O Level 27 Fighting
 - Level 18.0(18.4) Axes
 - Level 6.2(12.0) Maces & Flails
 - Level 1.7 Throwing
 + Level 24.1 Armour
 + Level 16.7 Dodging
 O Level 27 Shields
 - Level 1.7 Unarmed Combat
 - Level 4.0 Spellcasting
 - Level 5.0 Summonings
 - Level 5.0 Translocations


You had 30 spell levels left.
You knew the following spells:

 Your Spells              Type           Power        Failure   Level  Hunger
a - Blink                 Tloc           N/A          45%         2    ##.....
b - Summon Butterflies    Summ           ##......     32%         1    #......
c - Apportation           Tloc           ##....       32%         1    #......

Your spell library contained the following spells:

 Spells                   Type           Power        Failure   Level  Hunger
 Summon Small Mammal      Summ           ##..         32%         1    #......
 Call Imp                 Summ           ##......     45%         2    ##.....
 Call Canine Familiar     Summ           ##......     69%         3    ###....
 Gell's Gravitas          Tloc           ##........   69%         3    ###....
 Lesser Beckoning         Tloc           ##........   69%         3    ###....
 Beastly Appendage        Tmut           #.....       95%         1    #......
 Pain                     Necr           #...         95%         1    #......
 Sandblast                Erth           #.....       95%         1    #......
 Corpse Rot               Necr           N/A          98%         2    ##.....
 Passwall                 Tmut/Erth      #.......     98%         2    ##.....
 Poisonous Vapours        Pois/Air       #.....       98%         2    ##.....
 Sticks to Snakes         Tmut           #.......     98%         2    ##.....
 Sublimation of Blood     Necr           #.........   98%         2    ##.....
 Swiftness                Chrm/Air       #.......     98%         2    ##.....
 Ignite Poison            Fire/Tmut/Pois #.......     100%        3    ###....
 Regeneration             Chrm/Necr      #.........   100%        3    ###....
 Spider Form              Tmut/Pois      #.........   100%        3    ###....
 Olgreb's Toxic Radiance  Pois           #.......     100%        4    #####..
 Petrify                  Tmut/Erth      #.......     100%        4    #####..
 Summon Lightning Spire   Summ/Air       #.......     100%        4    #####..
 Alistair's Intoxication  Tmut/Pois      #.......     100%        5    ######.
 Blade Hands              Tmut           #.........   100%        5    ######.
 Borgnjor's Vile Clutch   Necr/Erth      #.........   100%        5    ######.
 Dispel Undead            Necr           #.......     100%        5    ######.
 Lee's Rapid Deconstruct  Erth           #.........   100%        5    ######.
 Dispersal                Tloc           ##........   100%        6    #######
 Shadow Creatures         Summ           N/A          100%        6    #######
 Statue Form              Tmut/Erth      #........    100%        6    #######
 Summon Hydra             Summ           ##........   100%        7    #######
 Controlled Blink         Tloc           N/A          100%        8    #######
 Ignition                 Fire           #.........   100%        8    #######
 Shatter                  Erth           #.........   100%        9    #######
 Tornado                  Air            #.........   100%        9    #######
 Freeze                   Ice            Unusable     N/A         1    N/A
 Magic Dart               Conj           Unusable     N/A         1    N/A
 Sting                    Conj/Pois      Unusable     N/A         1    N/A
 Summon Guardian Golem    Hex/Summ       Unusable     N/A         3    N/A
 Passage of Golubria      Tloc           Unusable     N/A         4    N/A
 Ensorcelled Hibernation  Hex/Ice        Unusable     N/A         2    N/A
 Searing Ray              Conj           Unusable     N/A         2    N/A
 Slow                     Hex            Unusable     N/A         2    N/A
 Throw Frost              Conj/Ice       Unusable     N/A         2    N/A
 Conjure Flame            Conj/Fire      Unusable     N/A         3    N/A
 Dazzling Spray           Conj/Hex       Unusable     N/A         3    N/A
 Mephitic Cloud           Conj/Pois/Air  Unusable     N/A         3    N/A
 Ozocubu's Armour         Chrm/Ice       Unusable     N/A         3    N/A
 Static Discharge         Conj/Air       Unusable     N/A         3    N/A
 Stone Arrow              Conj/Erth      Unusable     N/A         3    N/A
 Tukima's Dance           Hex            Unusable     N/A         3    N/A
 Force Lance              Conj/Tloc      Unusable     N/A         4    N/A
 Fulminant Prism          Conj/Hex       Unusable     N/A         4    N/A
 Ice Form                 Ice/Tmut       Unusable     N/A         4    N/A
 Iskenderun's Mystic Bla  Conj           Unusable     N/A         4    N/A
 Summon Ice Beast         Ice/Summ       Unusable     N/A         4    N/A
 Throw Icicle             Conj/Ice       Unusable     N/A         4    N/A
 Bolt of Draining         Conj/Necr      Unusable     N/A         5    N/A
 Irradiate                Conj/Tmut      Unusable     N/A         5    N/A
 Lightning Bolt           Conj/Air       Unusable     N/A         5    N/A
 Silence                  Hex/Air        Unusable     N/A         5    N/A
 Summon Mana Viper        Hex/Summ       Unusable     N/A         5    N/A
 Venom Bolt               Conj/Pois      Unusable     N/A         5    N/A
 Darkness                 Hex            Unusable     N/A         6    N/A
 Freezing Cloud           Conj/Ice/Air   Unusable     N/A         6    N/A
 Invisibility             Hex            Unusable     N/A         6    N/A
 Poison Arrow             Conj/Pois      Unusable     N/A         6    N/A
 Chain Lightning          Conj/Air       Unusable     N/A         8    N/A
 Lehudib's Crystal Spear  Conj/Erth      Unusable     N/A         8    N/A
 Fire Storm               Conj/Fire      Unusable     N/A         9    N/A
 Glaciate                 Conj/Ice       Unusable     N/A         9    N/A

Dungeon Overview and Level Annotations

Branches:
Dungeon (15/15)            Temple (1/1) D:6            Lair (6/6) D:9
 Shoals (4/4) Lair:2        Snake (4/4) Lair:4        Slime (0/5) Lair:5
    Orc (2/2) D:10            Elf (0/3) Orc:2        Vaults (5/5) D:13
  Crypt (0/3) Vaults:3     Depths (5/5) D:15            Zot (5/5) Depths:5

Altars:
Ashenzari
Cheibriados
Dithmenos
Elyvilon
Fedhas
Gozag
Hepliaklqana
Kikubaaqudgha
Makhleb
Nemelex Xobeh
Okawaru
Qazlal
Ru
Sif Muna
Trog
Uskayaw
Vehumet
Wu Jian
Xom
Yredelemnul
Zin
The Shining One
Beogh
Jiyva
Lugonu

Shops:
D:9 (   D:11 *!   Orc:2 !?([   Shoals:2 :   Snake:1 %(=*   Snake:3 }=}:
Vaults:1 !   Vaults:2 !   Depths:1 *   Depths:2 :   Depths:3 (%***

Portals:
Hell: Depths:1 Depths:2 Depths:3 Depths:4 Depths:5
Abyss: Depths:3 Depths:4
Pandemonium: Depths:3 Depths:4
Ziggurat: Depths:1

Annotations:
Vaults:3 2 runed doors, Ociatt's ghost, adept GrBe
Depths:5 exclusions: draconian stormcaller and 3 more exclusions
Zot:5 1 exclusion


Innate Abilities, Weirdness & Mutations

Your magical capacity is low. (-10% MP)
You cannot be stealthy.
You cannot study or use magical devices.
You cannot study or cast Conjurations magic.
You cannot study or cast Hexes magic.
You cannot study or cast Ice magic.
You are sensitive to extremes of temperature. (rF-, rC-)
Scrolls take you a little longer to read.
Your mind is acute. (Int +2)
Your body sometimes deteriorates upon taking damage.
You are occasionally teleported next to monsters.


Message History

Lightning courses through the soul eater!
The soul eater is severely wounded.
You hit the soul eater but do no damage.
Lightning courses through the soul eater!
The soul eater is almost dead.
The soul eater draws from the surrounding life force!
The soul eater is healed.
You barely miss the soul eater.
The soul eater is severely wounded.
You block the soul eater's attack.
You slash the soul eater!
Lightning courses through the soul eater!
You kill the soul eater!
You see here 22 sling bullets.
There is a stone staircase leading up, spattered with blood here.
You climb upwards.
There is a stone staircase leading down here.
HP restored.
There is a staircase leading out of the dungeon here.
You have escaped!

#).........#####################.#####.....###+###
#........### #.# #.....###.# #........#
#.#####.........# #........### #..........#....#
#..........############## #..........#....#
#..>.......+............# #.........##....#
#..........############.# #.........####..#
#..........# #.## #.##...##.......# ###'####...#
#..# #.##...########.# #.# #...# ##.#######.##...#
#.# #.# #...# #.......#.##...# #.# #.# #...#
#.......#......# #.# #.# ##.## #.......#......#
#.# #)# #.## #.......#......# #.# #.# #..#
#.......#....### #.# #.# ##@# #.......#....## #.#
#.# ### ####'###......# #.# #.# #..##......#
###'#### #.# ##.##......# ###....... #.#
#.###)#########.'....... #.#
#.............#.#....... #.#
#..##.#######.#.#....... #.# #..##.# #.#.#.......
##'####### #..[#.# #.#.#....... #........#
#.#.#.#######.#.#....... #........#
#...........#.#.######## #........#
###...#####.#.#.# #........# ##..# #...#.#)####
#........# #..###.###......# #........# #......#
#......# #........# #......# #......#


There were no monsters in sight!

Vanquished Creatures
  11 ancient liches
  5 orbs of fire
  Mennas (Depths:4)
  A juggernaut (shapeshifter) (Vaults:5)
  Mara (Vaults:5)
  6 Killer Klowns
  A curse toe (Zot:4)
  Margery (Vaults:2)
  8 golden dragons
  A bone dragon (Depths:4)
  4 liches
  An electric golem (Zot:5)
  A hellephant (Zot:2)
  25 Orb Guardians
  16 tentacled monstrosities
  Asterion (Vaults:3)
  4 quicksilver dragons
  9 titans
  A tentacled starspawn (Abyss:2)
  2 sphinxes (Vaults:5)
  A kraken (Shoals:3)
  Polyphemus (Shoals:2)
  5 death cobs
  Kirke (Lair:4)
  9 tengu reavers
  11 shadow dragons
  5 draconian monks
  8 nagarajas
  10 frost giants
  14 storm dragons
  2 draconian knights (Zot:1)
  3 deep elf sorcerers
  A balrug (Abyss:2)
  An orc warlord (Orc:2)
  7 fire giants
  5 draconian shifters
  2 ghost moths
  6 draconian scorchers
  The ghost of Rocui the Cruncher, a journeyman TrMo of Uskayaw (Lair:4)
  An iron dragon (Depths:2)
  A deep elf elementalist (Depths:2)
  22 vault wardens
  A cacodemon (Zot:1)
  Louise (D:14)
  2 spriggan defenders (Depths:3)
  3 draconian stormcallers
  4 draconian annihilators
  A ghoul (Vaults:1)
  A war gargoyle (Vaults:5)
  An angel (D:11)
  18 ironheart preservers
  20 very ugly things
  8 green draconians
  The ghost of Larett the Fighter, a journeyman MiBe of Trog (Lair:6)
  9 black draconians
  A vampire knight (Depths:3)
  5 entropy weavers
  19 stone giants
  5 deep elf demonologists
  Nessos (D:15)
  5 yellow draconians
  9 red draconians
  6 dire elephants
  2 deep elf annihilators
  7 purple draconians
  A minotaur (Lab)
  A spark wasp (Depths:4)
  12 white draconians
  A dire elephant (shapeshifter) (Vaults:4)
  14 ettins
  6 deep elf death magi
  8 merfolk impalers
  7 merfolk javelineers
  12 fire dragons
  Josephine (D:13)
  6 deep elf high priests (Vaults:5)
  6 ice dragons
  8 yaktaur captains
  10 great orbs of eyes
  34 vault guards
  3 jiangshi (Depths:1)
  12 hydras
  21 naga warriors
  6 rakshasas
  Harold (D:8)
  2 spriggan air magi
  11 centaur warriors
  3 merfolk avatars
  2 catoblepae
  23 anacondas
  A satyr (shapeshifter) (Vaults:5)
  5 death knights
  A dancing weapon (Vaults:5)
  2 merfolk aquamancers
  13 ogre magi
  8 death yaks
  11 deep troll earth magi
  34 two-headed ogres
  7 tengu warriors
  8 deep troll shamans
  A queen ant (Lair:3)
  5 vampire magi
  Urug (D:10)
  5 thrashing horrors (Abyss:2)
  3 spriggans (Depths:3)
  2 sun demons
  14 naga sharpshooters
  10 shock serpents
  A wretched star (Abyss:2)
  Nergalle (D:12)
  4 deep elf knights
  3 soul eaters
  7 salamander mystics
  A fire crab (shapeshifter) (Depths:2)
  10 sea snakes
  A sixfirhy (Zot:1)
  9 skeletal warriors
  13 iron trolls
  3 shadow wraiths (Depths:3)
  6 glowing orange brains
  26 deep trolls
  10 hell knights
  2 unseen horrors
  2 deep trolls (shapeshifter)
  2 unseen horrors (shapeshifter)
  5 flayed ghosts
  A glowing orange brain (shapeshifter) (Vaults:3)
  6 deep elf archers
  A swamp dragon (shapeshifter) (Vaults:1)
  5 wizards
  7 orc knights
  9 naga ritualists
  4 lindwurms (Snake:4)
  A shadow demon (Depths:3)
  8 phantasmal warriors
  16 ironbrand convokers
  A sphinx zombie (Depths:1)
  A lindwurm (shapeshifter) (Vaults:5)
  26 harpies
  4 oklob plants (Lair:1)
  A frost giant zombie (Depths:3)
  11 necromancers
  3 wolf spiders
  4 stone giant zombies
  15 mana vipers
  20 deep elf magi
  6 orc sorcerers
  2 fire giant zombies (Depths:1)
  51 ugly things
  A mana viper (shapeshifter) (Depths:3)
  21 moths of wrath
  3 cyclopes
  17 salamanders
  11 manticores
  Maurice (D:8)
  14 fauns
  13 guardian serpents
  2 centaur zombies
  8 merfolk sirens
  38 black mambas
  9 elephants
  An apocalypse crab (Abyss:2)
  5 water nymphs
  A toenail golem (D:2)
  A smoke demon (Depths:3)
  An orange demon (Abyss:2)
  A stone giant skeleton (Depths:1)
  A gargoyle (D:12)
  8 spiny frogs
  30 naga magi
  A torpor snail (Lair:5)
  19 vault sentinels
  Joseph (D:8)
  7 komodo dragons
  A human zombie (Vaults:2)
  13 freezing wraiths
  A spriggan zombie (Depths:1)
  2 komodo dragons (shapeshifter)
  A kobold demonologist (D:15)
  A rime drake (Lair:4)
  50 yaktaurs
  An ancient zyme (Abyss:2)
  2 tengu conjurers (Depths:1)
  A hellwing (D:8)
  2 yaktaur skeletons (Vaults:1)
  39 merfolk
  6 trolls
  A red devil (Depths:3)
  2 meliai (D:15)
  A polar bear (shapeshifter) (Vaults:2)
  2 meliai (shapeshifter)
  A polar bear (Lair:6)
  A wolf spider simulacrum (D:14)
  6 hornets
  53 slime creatures
  A hornet (shapeshifter) (D:15)
  2 jumping spiders
  7 snapping turtles
  4 wind drakes
  18 blink frogs
  A hippogriff (shapeshifter) (Depths:3)
  7 dream sheep
  An ettin zombie (Vaults:1)
  12 hippogriffs
  4 redbacks
  A frost giant simulacrum (Depths:1)
  3 flying skulls (Abyss:2)
  A spriggan skeleton (Depths:1)
  3 ynoxinuls (Abyss:2)
  6 wraiths
  A spriggan (shapeshifter) (Depths:4)
  16 water elementals
  3 shadows
  A hog (shapeshifter) (D:14)
  31 yaks
  4 wyverns
  A basilisk (shapeshifter) (Depths:2)
  A fire elemental (Depths:3)
  9 hogs
  9 humans
  7 fire bats (Depths:3)
  A basilisk (Lair:5)
  5 vampires
  A human (shapeshifter) (Vaults:5)
  A golden eye (shapeshifter) (D:9)
  2 chaos spawn
  4 hungry ghosts
  2 elf skeletons
  3 wargs
  59 nagas
  A tengu zombie (Depths:1)
  2 acid dragons
  18 water moccasins
  5 soldier ants (Lair:3)
  A floating eye (shapeshifter) (Vaults:4)
  7 porcupines
  A porcupine (shapeshifter) (Vaults:1)
  3 large abominations (Abyss:2)
  An ice beast (shapeshifter) (D:15)
  2 sky beasts
  A necrophage (D:12)
  4 black bears
  An orc zombie (Vaults:2)
  45 orc warriors
  2 ice beasts
  5 phantoms
  2 eyes of draining
  30 ogres
  17 boggarts
  15 wolves
  23 centaurs
  2 small abominations (Abyss:2)
  10 crocodiles
  2 human skeletons (Vaults:1)
  A wyvern zombie (D:10)
  10 bullfrogs
  A water moccasin zombie (D:10)
  A wyvern skeleton (D:8)
  4 killer bees (D:13)
  3 scorpions
  4 wights (D:7)
  2 electric eels (Lair:3)
  7 howler monkeys
  6 crimson imps
  4 bullfrog zombies
  2 quasits
  A bullfrog skeleton (D:7)
  4 centaur skeletons
  18 orc priests
  8 hounds
  4 jellies
  19 orc wizards
  2 iron imps (Depths:3)
  3 iguanas
  5 hell rats (Lair:6)
  16 worker ants
  A killer bee zombie (D:6)
  3 hound skeletons
  Robin (D:3)
  12 adders
  17 gnolls
  A hound simulacrum (D:9)
  9 shadow imps
  2 oozes
  2 adder skeletons
  2 worms
  2 dart slugs
  6 leopard geckos
  104 orcs
  6 giant cockroaches
  12 goblins
  7 hobgoblins
  13 jackals
  3 quokkas
  12 bats
  4 frilled lizards
  A jackal zombie (D:5)
  9 kobolds
  2 quokka skeletons
  7 rats
  A butterfly (Lair:4)
  2 crawling corpses (Vaults:5)
  A lurking horror (Abyss:2)
  29 plants
  2 starspawn tentacles (Abyss:2)
  2 tentacles (Shoals:3)
2232 creatures vanquished.

Vanquished Creatures (others)
  A large abomination (Vaults:5)
  A golden dragon (Zot:3)
  An electric golem (Zot:5)
  A tentacled monstrosity (Zot:1)
  2 Orb Guardians (Zot:5)
  A death cob (Zot:1)
  2 eldritch tentacles (Zot:5)
  A shadow dragon (Vaults:5)
  A storm dragon (Zot:4)
  A vault warden (Vaults:5)
  A stone giant (Orc:2)
  2 draconian annihilators
  A war gargoyle (Vaults:4)
  2 dire elephants (Lair:6)
  3 ettins
  A merfolk javelineer (Shoals:2)
  A merfolk impaler (Shoals:3)
  A yaktaur captain (Vaults:1)
  A hydra (Lair:4)
  A rakshasa (D:13)
  A naga warrior (Snake:1)
  A centaur warrior (Depths:1)
  A tengu warrior (Depths:2)
  A vampire mage (Depths:2)
  2 naga sharpshooters (Snake:2)
  A salamander mystic (Snake:4)
  A deep elf knight (D:13)
  2 deep trolls
  A necromancer (Vaults:2)
  5 harpies (Shoals:4)
  2 cyclopes
  4 ugly things
  A manticore (Shoals:3)
  2 moths of wrath (Zot:5)
  A salamander (Snake:4)
  A water nymph (Shoals:4)
  A spiny frog (Lair:3)
  2 yaktaurs
  A troll (D:10)
  A hornet (Vaults:2)
  A meliai (D:15)
  A snapping turtle (Shoals:1)
  2 blink frogs (Lair:5)
  3 slime creatures
  A hippogriff (Lair:1)
  A meliai zombie (D:12)
  A tarantella (shapeshifter) (Vaults:5)
  A chaos spawn (Depths:3)
  4 nagas
  A water moccasin (Lair:6)
  3 ogres
  3 orc warriors
  A phantom (D:6)
  A centaur (Vaults:1)
  A crocodile (Lair:6)
  A bullfrog (Lair:2)
  A yaktaur zombie (Vaults:1)
  An orc priest (Vaults:4)
  2 ball lightnings (Zot:5)
  3 orcs
  A bush (Snake:3)
  21 fungi
  56 plants
  18 tentacles (Shoals:3)
187 creatures vanquished.

Grand Total: 2419 creatures vanquished

Notes
Turn   | Place    | Note
-------+----------+-------------------------------------------
     0 | D:1      | ratboy the Hill Orc Fighter began the quest for the Orb.
     0 | D:1      | Reached XP level 1. HP: 19/19 MP: 1/1
   149 | D:1      | Reached XP level 2. HP: 26/26 MP: 2/2
   774 | D:1      | Reached XP level 3. HP: 31/31 MP: 3/3
  1099 | D:2      | Found an opulent altar of Gozag.
  1206 | D:2      | Learned a level 2 spell: Blink
  1270 | D:2      | Reached XP level 4. HP: 11/39 MP: 4/4
  1607 | D:2      | Found a sacrificial altar of Ru.
  1997 | D:2      | Reached skill level 5 in Axes
  1998 | D:2      | Found a hide-covered altar of Uskayaw.
  2147 | D:2      | Became a worshipper of Ru the Awakened
  2291 | D:3      | Reached XP level 5. HP: 44/45 MP: 5/5
  2569 | D:3      | Found a sparkling altar of Nemelex Xobeh.
  2590 | D:3      | Found a shimmering altar of Xom.
  2593 | D:3      | Found a shimmering altar of Xom.
  2593 | D:3      | Found a shimmering altar of Xom.
  2593 | D:3      | Found a shimmering altar of Xom.
  2593 | D:3      | Found a shimmering altar of Xom.
  2598 | D:3      | Found a shimmering altar of Xom.
  2608 | D:3      | Noticed Robin
  2820 | D:3      | Killed Robin
  2820 | D:3      | Reached skill level 5 in Shields
  2820 | D:3      | Reached XP level 6. HP: 32/51 MP: 6/6
  3236 | D:4      | Reached skill level 1 in Dodging
  3400 | D:4      | Found a shattered altar of Ashenzari.
  3672 | D:4      | Reached skill level 1 in Stealth
  3684 | D:4      | Gained mutation: You cannot study or use magical devices.
                  | [Ru sacrifice]
  3684 | D:4      | Reached * piety under Ru
  3684 | D:4      | Reached ** piety under Ru
  3897 | D:4      | Reached XP level 7. HP: 57/57 MP: 7/7
  4247 | D:4      | Found a glowing golden altar of the Shining One.
  4407 | D:5      | Entered Level 5 of the Dungeon
  5174 | D:5      | Found a sparkling altar of Nemelex Xobeh.
  5395 | D:6      | Reached XP level 8. HP: 11/64 MP: 8/8
  5919 | D:6      | Reached skill level 10 in Axes
  5947 | D:6      | Found a staircase to the Ecumenical Temple.
  5954 | Temple   | Entered the Ecumenical Temple
  6107 | D:6      | Found a deep blue altar of Sif Muna.
  6399 | D:6      | Found a bloodstained altar of Trog.
  6413 | D:6      | Gained mutation: You are sensitive to extremes of
                  | temperature. (rF-, rC-) [Ru sacrifice]
  6413 | D:6      | Reached *** piety under Ru
  6413 | D:6      | Reached **** piety under Ru
  6882 | D:7      | Reached XP level 9. HP: 48/70 MP: 9/9
  7642 | D:8      | Reached skill level 1 in Unarmed Combat
  7669 | D:8      | Noticed Maurice
  7755 | D:8      | Killed Maurice
  7869 | D:8      | Reached skill level 1 in Throwing
  7883 | D:8      | Found a stormy altar of Qazlal.
  7998 | D:8      | Noticed Joseph
  8021 | D:8      | Killed Joseph
  8232 | D:8      | Reached XP level 10. HP: 64/77 MP: 10/10
  8316 | D:8      | Noticed Harold
  8347 | D:8      | Killed Harold
  8737 | D:9      | Gained mutation: You cannot study or cast Ice magic. [Ru
                  | sacrifice]
  8737 | D:9      | Gained mutation: You cannot study or cast Hexes magic. [Ru
                  | sacrifice]
  8737 | D:9      | Gained mutation: You cannot study or cast Conjurations
                  | magic. [Ru sacrifice]
  8737 | D:9      | Reached ***** piety under Ru
  8767 | D:9      | Found a staircase to the Lair.
  8890 | D:9      | Found a runed door.
  8890 | D:9      | Noticed a deep troll earth mage
  8890 | D:9      | Noticed a deep troll earth mage
  9104 | D:9      | Reached skill level 10 in Shields
  9524 | D:9      | Found Qeitodu's Weapon Boutique.
  9706 | D:9      | Noticed a deep elf archer
  9708 | D:9      | Noticed a fire dragon
  9708 | D:9      | Noticed a frost giant
  9708 | D:9      | Noticed an ice dragon
  9722 | D:10     | Entered Level 10 of the Dungeon
 10363 | D:10     | Found a staircase to the Orcish Mines.
 10405 | D:10     | Reached XP level 11. HP: 80/82 MP: 11/11
 10529 | D:10     | Noticed Urug
 10551 | D:10     | Killed Urug
 10880 | D:10     | Found a hazy altar of Hepliaklqana.
 11016 | D:10     | Found a burning altar of Makhleb.
 11590 | D:11     | Found Enimoc's Distillery.
 11600 | D:11     | Gained mutation: Your magical capacity is low. (-10% MP)
                  | [Ru sacrifice]
 11629 | D:11     | Reached skill level 15 in Axes
 11638 | D:11     | Noticed a manticore
 11648 | D:11     | Killed a manticore
 11700 | D:11     | Found an iron altar of Okawaru.
 11930 | D:11     | Got a pair of bloodstained gloves
 11948 | D:11     | Identified the +4 pair of gloves of the Storm King {rN+
                  | Int+3} (You found it on level 11 of the Dungeon)
 12045 | D:11     | Found Uwko's Assorted Antiques.
 12079 | D:11     | Killed an unseen horror
 12171 | D:11     | Noticed a four-headed hydra
 12183 | D:11     | Killed a one-headed hydra
 12183 | D:11     | Reached skill level 5 in Fighting
 12538 | D:12     | Reached skill level 5 in Armour
 13178 | D:12     | Noticed a two-headed ogre
 13191 | D:12     | Killed a two-headed ogre
 13191 | D:12     | Reached XP level 12. HP: 88/97 MP: 10/10
 13364 | D:12     | Noticed Nergalle
 13384 | D:12     | Killed Nergalle
 13602 | D:12     | Gained mutation: You cannot be stealthy. [Ru sacrifice]
 13602 | D:12     | Reached ****** piety under Ru
 14092 | Lair:1   | Entered Level 1 of the Lair of Beasts
 14122 | Lair:1   | Found a labyrinth entrance.
 14135 | Lab      | Entered a labyrinth
 14447 | Lab      | Noticed a minotaur
 14464 | Lab      | Killed a minotaur
 14621 | Lair:1   | Noticed a four-headed hydra
 14644 | Lair:1   | Killed a one-headed hydra
 15272 | Lair:2   | Noticed a four-headed hydra
 15281 | Lair:2   | Killed a one-headed hydra
 15986 | Lair:2   | Found a staircase to the Shoals.
 16215 | Lair:3   | Noticed a six-headed hydra
 16227 | Lair:3   | Killed a one-headed hydra
 16259 | Lair:2   | Reached XP level 13. HP: 94/111 MP: 11/11
 17021 | Lair:3   | Reached skill level 10 in Fighting
 18153 | Lair:4   | Found a runed gate.
 18153 | Lair:4   | Found a runed gate.
 18153 | Lair:4   | Found a runed gate.
 18156 | Lair:4   | You fall through a shaft!
 18249 | Lair:4   | Noticed Rocui's ghost (journeyman TrMo)
 18343 | Lair:4   | Found the +3 robe of Folly {Archmagi, MR-- Int+5}
 18536 | Lair:4   | Found a staircase to the Snake Pit.
 18920 | Lair:4   | Noticed Kirke
 19055 | Lair:4   | Found a runed gate.
 19055 | Lair:4   | Found a runed gate.
 19055 | Lair:4   | Found a runed gate.
 19138 | Lair:4   | Found a staircase to the Snake Pit.
 19488 | Lair:4   | Killed Kirke
 19488 | Lair:4   | Reached skill level 10 in Armour
 19488 | Lair:4   | Reached skill level 15 in Shields
 20523 | Lair:5   | Reached XP level 14. HP: 106/124 MP: 12/12
 20858 | Lair:5   | Found a runed door.
 20858 | Lair:5   | Found a viscous altar of Jiyva.
 20859 | Lair:5   | Found a staircase to the Slime Pits.
 20968 | Lair:6   | Entered Level 6 of the Lair of Beasts
 21126 | Lair:6   | Learned a level 1 spell: Summon Butterflies
 21128 | Lair:6   | Learned a level 1 spell: Apportation
 21150 | Lair:6   | Found a runed gate.
 21150 | Lair:6   | Found a runed gate.
 21150 | Lair:6   | Found a runed gate.
 21163 | Lair:6   | Noticed Larett's ghost (journeyman MiBe)
 23175 | Lair:6   | Noticed a dire elephant
 23316 | Lair:6   | Noticed a dire elephant
 23316 | Lair:6   | Noticed a dire elephant
 23326 | Lair:6   | Killed a dire elephant
 23328 | Lair:6   | Killed a dire elephant
 23408 | Lair:6   | Noticed a dire elephant
 23948 | D:13     | Found a gate to the Vaults.
 23970 | D:13     | Reached skill level 5 in Dodging
 24853 | D:14     | Noticed Josephine
 24886 | D:13     | Killed Josephine
 25270 | D:14     | Reached XP level 15. HP: 129/134 MP: 13/13
 25374 | D:14     | Noticed Louise
 25656 | D:14     | Cast into level 2 of the Abyss (Louise)
 25761 | Abyss:2  | Noticed a deep elf sorcerer
 25771 | Abyss:2  | Killed a deep elf sorcerer
 25829 | Abyss:2  | Noticed a tentacled starspawn
 25834 | Abyss:2  | Killed a tentacled starspawn
 25872 | Abyss:2  | Noticed an Executioner
 26171 | Abyss:2  | Noticed a balrug
 26182 | Abyss:2  | Killed a balrug
 26190 | D:14     | Escaped the Abyss
 26672 | Orc:1    | Entered Level 1 of the Orcish Mines
 27246 | Orc:2    | Entered Level 2 of the Orcish Mines
 27246 | Orc:2    | Found a staircase to the Elven Halls.
 27273 | Orc:2    | Found a roughly hewn altar of Beogh.
 27370 | Orc:2    | Found a roughly hewn altar of Beogh.
 27408 | Orc:2    | Found a roughly hewn altar of Beogh.
 27569 | Orc:2    | Found a roughly hewn altar of Beogh.
 27585 | Orc:2    | Found Muachag's Magic Scroll Emporium.
 27612 | Orc:2    | Bought 2 scrolls of blinking for 195 gold pieces
 27612 | Orc:2    | Bought a scroll of teleportation for 39 gold pieces
 27612 | Orc:2    | Bought a scroll of fog for 26 gold pieces
 28034 | Orc:2    | Found a roughly hewn altar of Beogh.
 28043 | Orc:2    | Found Ichulel's Distillery.
 28062 | Orc:2    | Bought a potion of heal wounds for 55 gold pieces
 28062 | Orc:2    | Bought a potion of heal wounds for 55 gold pieces
 28062 | Orc:2    | Bought a potion of heal wounds for 55 gold pieces
 28062 | Orc:2    | Bought a potion of curing for 33 gold pieces
 28368 | Orc:2    | Noticed an orc warlord
 28401 | Orc:2    | Killed an orc warlord
 28466 | Orc:2    | Found a roughly hewn altar of Beogh.
 28569 | Orc:2    | Found Mozetu's Antique Weapon Shoppe.
 28569 | Orc:2    | Found a roughly hewn altar of Beogh.
 28570 | Orc:2    | Found Eloahar's Antique Armour Emporium.
 28878 | Snake:1  | Entered Level 1 of the Snake Pit
 28932 | Snake:1  | Identified a scroll of acquirement
 28961 | Snake:1  | Found Suonuare's Food Boutique.
 29222 | Snake:1  | Found Izearamp's General Store.
 29244 | Snake:1  | Reached skill level 15 in Fighting
 30315 | Snake:1  | Found Leastreh's Jewellery Shop.
 30638 | Snake:1  | Reached XP level 16. HP: 113/151 MP: 14/14
 30928 | Snake:1  | Found Zykhlat's Weapon Emporium.
 30932 | Snake:1  | Bought a +0 broad axe for 64 gold pieces
 32096 | Snake:2  | Reached skill level 10 in Dodging
 33705 | Snake:2  | You fall through a shaft!
 34634 | Snake:1  | Bought the amulet of Jyavau {Spirit rPois Str+3} for 760
                  | gold pieces
 34867 | Snake:3  | Found Lyamot's Book Emporium.
 34972 | Snake:3  | Noticed a nagaraja
 35013 | Snake:3  | Killed a nagaraja
 35400 | Snake:3  | Reached XP level 17. HP: 152/166 MP: 15/15
 35964 | Snake:3  | Found Ifaecewa's Jewellery Shop.
 35965 | Snake:3  | Found Yficykiu's Gadget Shoppe.
 35965 | Snake:3  | Found Dets's Gadget Shoppe.
 36012 | Snake:4  | Entered Level 4 of the Snake Pit
 37630 | Snake:4  | Reached skill level 1 in Translocations
 37643 | Snake:4  | Reached skill level 1 in Spellcasting
 39268 | Snake:4  | Reached skill level 1 in Summonings
 40849 | Snake:4  | Reached XP level 18. HP: 160/176 MP: 19/21
 41879 | Snake:4  | Got a serpentine rune of Zot
 42175 | Shoals:1 | Entered Level 1 of the Shoals
 42240 | Lair:2   | Reached skill level 5 in Summonings
 42253 | Lair:2   | Reached skill level 5 in Translocations
 43394 | Shoals:2 | Found Cystotui's Book Shoppe.
 43870 | Shoals:2 | Noticed Polyphemus
 43895 | Shoals:2 | Killed Polyphemus
 46548 | Shoals:4 | Entered Level 4 of the Shoals
 47011 | Shoals:4 | Identified the +2 leather armour of Rypnecza {rCorr Int+2
                  | Dex+4} (You found it on level 4 of the Shoals)
 47316 | Shoals:4 | Reached XP level 19. HP: 182/182 MP: 22/22
 49398 | Shoals:4 | Got a barnacled rune of Zot
 49861 | D:14     | Killed Louise
 49988 | D:15     | Entered Level 15 of the Dungeon
 50178 | D:15     | Noticed Nessos
 50188 | D:15     | Killed Nessos
 51362 | D:15     | Found a staircase to the Depths.
 52094 | Orc:2    | Bought a scroll of enchant weapon for 97 gold pieces
 52368 | Snake:3  | Bought the amulet "Ydojy" {Spirit +Fly rElec SInv} for 754
                  | gold pieces
 52801 | D:9      | Got a smoking hand axe {venom}
 53102 | D:9      | Identified the cursed +0 hand axe of Fortitude {venom,
                  | Int+3} (You took it off a deep elf archer on level 9 of the
                  | Dungeon)
 53562 | Lair:4   | Killed Rocui's ghost
 53893 | Lair:6   | Found a runed gate.
 53893 | Lair:6   | Found a runed gate.
 53893 | Lair:6   | Found a runed gate.
 54676 | Lair:6   | Killed Larett's ghost
 55172 | Vaults:1 | Entered Level 1 of the Vaults
 55428 | D:13     | Reached XP level 20. HP: 179/191 MP: 21/23
 57448 | Vaults:1 | Found Liys's Distillery.
 59210 | Vaults:2 | Found Getoijy's Distillery.
 59285 | Vaults:2 | Bought a potion of heal wounds for 90 gold pieces
 59285 | Vaults:2 | Bought a potion of heal wounds for 90 gold pieces
 59340 | Vaults:2 | Found a gateway to a bazaar.
 59380 | Bazaar   | Entered a bazaar
 59398 | Bazaar   | Found Jeggomm's Book Shoppe.
 59413 | Bazaar   | Found Dirr's Armour Shoppe.
 59413 | Bazaar   | Found Axtiogg's Gadget Emporium.
 59434 | Bazaar   | Found Cuecungi's Antique Weapon Shoppe.
 60271 | Vaults:2 | Noticed Margery
 60285 | Vaults:2 | Killed Margery
 60662 | Vaults:2 | Reached XP level 21. HP: 201/201 MP: 24/24
 60984 | Vaults:3 | Found a staircase to the Crypt.
 61442 | Vaults:3 | Noticed Asterion
 61451 | Vaults:3 | Killed Asterion
 62408 | Vaults:3 | Found a large runed door.
 62408 | Vaults:3 | Found a large runed door.
 62672 | Vaults:3 | Noticed Ociatt's ghost (adept GrBe)
 64183 | Vaults:4 | Reached XP level 22. HP: 198/211 MP: 23/25
 64830 | Vaults:4 | Reached skill level 15 in Armour
 65632 | Depths:1 | Entered Level 1 of the Depths
 66091 | Depths:1 | Found Berux's General Store.
 66094 | Depths:1 | Found a gateway to a ziggurat.
 66108 | Depths:1 | Found a gateway to Hell.
 68189 | Depths:2 | Reached XP level 23. HP: 220/222 MP: 26/26
 68554 | Depths:2 | Found Wosmej's Book Shop.
 68815 | Depths:2 | Found the ring of Robustness {AC+8}
 69754 | Depths:3 | Noticed an ancient lich
 69766 | Depths:3 | Killed an ancient lich
 70095 | Depths:3 | Found Miuhag's General Store.
 70166 | Depths:3 | Identified Miwk's Tome of Stolen Souls
 71132 | Depths:3 | Found Tadit's Food Emporium.
 71179 | Depths:3 | Found Pelelad's Antique Weapon Shoppe.
 71184 | Depths:3 | Found a corrupted altar of Lugonu.
 71192 | Depths:3 | Found a one-way gate to the infinite horrors of the Abyss.
 71285 | Depths:3 | Found Qygrone's Assorted Antiques.
 71293 | Depths:3 | Bought a polished hand axe for 256 gold pieces
 71293 | Depths:3 | Identified the +6 hand axe "Ziemnirula" {flame, Dex+5} (You
                  | bought it in a shop on level 3 of the Depths)
 71335 | Depths:3 | Found a glowing silver altar of Zin.
 71335 | Depths:3 | Found an iron altar of Okawaru.
 71336 | Depths:3 | Found a shimmering altar of Xom.
 71487 | Depths:3 | Found a one-way gate leading to the halls of Pandemonium.
 71645 | Depths:3 | Found Ditukeci's General Store.
 72039 | Depths:4 | Noticed Mennas
 72069 | Depths:4 | Killed Mennas
 72069 | Depths:4 | Reached XP level 24. HP: 158/234 MP: 13/26
 72203 | Depths:4 | Reached skill level 1 in Maces & Flails
 72805 | Depths:4 | Found a portal to a secret trove of treasure.
 72827 | Depths:4 | You paid a toll of 5 scrolls of blinking to enter a
                  | treasure trove
 72828 | Trove    | Entered a treasure trove
 72870 | Trove    | burn!
 73552 | Depths:5 | Entered Level 5 of the Depths
 73974 | Depths:5 | Reached skill level 5 in Maces & Flails
 75117 | Depths:5 | Found a gate to the Realm of Zot.
 75737 | D:11     | Bought 3 scrolls of blinking for 607 gold pieces
 75923 | Vaults:5 | Entered Level 5 of the Vaults
 75936 | Vaults:5 | Noticed an ancient lich
 75972 | Vaults:5 | Reached XP level 25. HP: 72/245 MP: 22/26
 76012 | Vaults:5 | Got a silver rune of Zot
 76356 | Vaults:5 | Got a scintillating tin ring
 76378 | Vaults:5 | Identified the ring of the Pharaoh's Fist {MP+9 Dex+4} (You
                  | found it on level 5 of the Vaults)
 76747 | Vaults:5 | Noticed an ancient lich
 76751 | Vaults:5 | Noticed Mara
 76759 | Vaults:5 | Killed an ancient lich
 77001 | Vaults:5 | Killed an ancient lich
 77493 | Vaults:5 | Noticed a juggernaut
 77493 | Vaults:5 | an iron dragon changed into a juggernaut
 77502 | Vaults:5 | Killed a juggernaut
 78333 | Vaults:5 | Noticed ratboy's illusion
 78919 | Vaults:5 | Reached XP level 26. HP: 243/259 MP: 24/26
 79151 | Vaults:5 | Identified the Volume of Clay
 79277 | Vaults:5 | Found the amulet of the Air {Inacc +Fly rElec EV+5 RMsl}
 79289 | Vaults:5 | Identified the Tome of Necromancy and Combat Magic
 79320 | Vaults:5 | Noticed ratboy's illusion
 79341 | Vaults:5 | Killed Mara
 79480 | Vaults:5 | Identified the Reference Book on the Dusty Traveller
 79816 | Vaults:5 | Got a pair of slimy gloves
 79817 | Vaults:5 | Identified the +2 pair of gloves of Dithmenos's Anger {MR+
                  | Dex+6 SInv} (You found it on level 5 of the Vaults)
 80236 | Depths:3 | Bought a scroll of enchant armour for 240 gold pieces
 80529 | Orc:2    | Bought a scroll of enchant armour for 97 gold pieces
 80830 | Zot:1    | Entered Level 1 of the Realm of Zot
 82593 | Zot:2    | Identified the +4 chain mail of a sewer {rN+ Dex+6} (You
                  | found it on level 2 of the Realm of Zot)
 82783 | Zot:2    | Noticed an orb of fire
 82799 | Zot:2    | Killed an orb of fire
 82840 | Zot:2    | Reached skill level 15 in Dodging
 84207 | Zot:3    | Reached XP level 27. HP: 248/270 MP: 26/26
 85188 | Zot:5    | Entered Level 5 of the Realm of Zot
 86878 | Zot:4    | Reached skill level 27 in Fighting
 87434 | Zot:5    | Noticed an ancient lich
 87460 | Zot:5    | Killed an ancient lich
 87579 | Zot:5    | Noticed an ancient lich
 87611 | Zot:5    | Killed an ancient lich
 87659 | Zot:5    | Noticed an ancient lich
 87674 | Zot:5    | Killed an ancient lich
 87788 | Zot:5    | Noticed an ancient lich
 87788 | Zot:5    | Noticed an ancient lich
 87789 | Zot:5    | Noticed an ancient lich
 87842 | Zot:4    | Killed an ancient lich
 88013 | Zot:4    | Killed an ancient lich
 88036 | Zot:5    | Killed an ancient lich
 88252 | Zot:5    | Noticed an ancient lich
 88269 | Zot:5    | Killed an ancient lich
 88732 | Zot:5    | Noticed an ancient lich
 88867 | Zot:5    | Killed an ancient lich
 88867 | Zot:5    | Reached skill level 27 in Shields
 89931 | Zot:5    | Noticed an orb of fire
 89953 | Zot:5    | Gained mutation: Your mind is acute. (Int +2) [an orb of
                  | fire]
 89987 | Zot:5    | Killed an orb of fire
 90185 | Zot:5    | Noticed an orb of fire
 90215 | Zot:5    | Killed an orb of fire
 91987 | Zot:5    | Noticed an orb of fire
 91988 | Zot:5    | Gained mutation: Your body sometimes deteriorates upon
                  | taking damage. [an orb of fire]
 91990 | Zot:5    | Gained mutation: Scrolls take you a little longer to read.
                  | [an orb of fire]
 92006 | Zot:5    | Gained mutation: You are occasionally teleported next to
                  | monsters. [an orb of fire]
 92012 | Zot:5    | Noticed an orb of fire
 92018 | Zot:5    | Killed an orb of fire
 92042 | Zot:5    | Killed an orb of fire
 92958 | Zot:5    | Got the Orb of Zot
 92962 | Zot:5    | Noticed a seraph
 93098 | Depths:4 | Noticed Ipsoeruh the pandemonium lord
 93315 | D:11     | Noticed Ceninao Ipuch the pandemonium lord
 93547 | D:$      | Escaped with the Orb!

Skill      XL: |  1  2  3  4  5  6  7  8  9 10 11 12 13 14 15 16 17 18 19 20 21 22 23 24 25 26 27 |
---------------+----------------------------------------------------------------------------------+-----
Axes           | 3 4 5 6 7 9 11 13 14 15 16 17 18 | 18.0
Shields        | 4 5 6 7 8 12 13 14 15 16 18 20 22 23 24 25 27 | 27.0
Dodging        | 1 5 9 10 11 12 13 14 15 16 | 16.7
Stealth        | 1 0 |  0.0
Unarmed Combat | 1 |  1.7
Throwing       | 1 |  1.7
Fighting       | 6 9 11 12 15 18 19 20 21 22 24 25 26 27 | 27.0
Armour         | 5 8 10 12 13 14 16 17 19 20 21 24 | 24.1
Translocations | 3 5 |  5.0
Spellcasting   | 3 4 |  4.0
Summonings     | 3 5 |  5.0
Maces & Flails | 6 |  6.2

Action                   |  1- 3 |  4- 6 |  7- 9 | 10-12 | 13-15 | 16-18 | 19-21 | 22-24 | 25-27 || total
-------------------------+-------+-------+-------+-------+-------+-------+-------+-------+-------++-------
Melee: War axe           |   128 |   168 |   410 |   798 |  1807 |    22 |       |       |       ||  3333
       Unarmed           |       |       |     9 |       |     7 |       |       |       |       ||    16
       Hand axe          |       |       |       |    23 |    34 |       |   436 |       |       ||   493
       Broad axe         |       |       |       |       |       |  2063 |  1843 |  1832 |  2055 ||  7793
       Sacred scourge    |       |       |       |       |       |       |       |       |    36 ||    36
       Demon whip        |       |       |       |       |       |       |       |       |   423 ||   423
Throw: Javelin           |       |       |     7 |    11 |     5 |     6 |     2 |     6 |       ||    37
Invok: Sacrifice Artific |       |     1 |       |       |       |       |       |       |       ||     1
       Sacrifice Resista |       |       |     1 |       |       |       |       |       |       ||     1
       Sacrifice Arcana  |       |       |       |     1 |       |       |       |       |       ||     1
       Sacrifice Essence |       |       |       |     1 |       |       |       |       |       ||     1
       Power Leap        |       |       |       |     1 |     2 |     1 |       |       |       ||     4
       Draw Out Power    |       |       |       |     1 |       |       |       |       |     1 ||     2
       Sacrifice Stealth |       |       |       |     1 |       |       |       |       |       ||     1
       Apocalypse        |       |       |       |       |     2 |       |     6 |     5 |     2 ||    15
  Use: Scroll            |       |     1 |     8 |    20 |     8 |     9 |    13 |    11 |    33 ||   103
       Potion            |       |       |     1 |     1 |     6 |     3 |     3 |     7 |    16 ||    37
 Stab: Distracted        |       |       |     6 |     3 |     9 |     9 |    10 |    14 |    21 ||    72
       Invisible         |       |       |     3 |    12 |    16 |    26 |    15 |    15 |    21 ||   108
       Paralysed         |       |       |       |    11 |     6 |    15 |    17 |    19 |     7 ||    75
       Petrified         |       |       |       |       |       |     7 |       |       |       ||     7
       Confused          |       |       |       |       |       |       |       |       |     6 ||     6
  Eat: Chunk             |     1 |     9 |    14 |    18 |    30 |    23 |    32 |    32 |    22 ||   181
       Ration            |       |       |       |     3 |     5 |    10 |     7 |     2 |    11 ||    38
Armor: Scale mail        |    59 |    63 |    21 |   164 |   352 |   308 |   404 |    22 |       ||  1393
       Plate armour      |       |       |   117 |    66 |       |       |       |       |       ||   183
       Skin              |       |       |     5 |       |       |       |       |       |       ||     5
       Chain mail        |       |       |       |       |       |       |       |   170 |       ||   170
       Fire dragon scale |       |       |       |       |       |       |       |   166 |    91 ||   257
       Gold dragon scale |       |       |       |       |       |       |       |       |   424 ||   424
Dodge: Dodged            |    33 |    37 |    38 |   113 |   327 |   445 |   494 |   426 |   559 ||  2472
       Deflected         |       |       |       |       |       |       |       |       |    24 ||    24
Block: Shield            |    77 |   112 |   184 |   429 |   974 |       |       |       |       ||  1776
       Reflection        |       |       |     3 |     9 |    34 |    52 |       |       |       ||    98
       Large shield      |       |       |       |       |    40 |  1693 |  1704 |  1438 |  1618 ||  6493
